 Dungeon Crawl Stone Soup version 0.20.0 (webtiles) character file.

228 SubscribeToDemise the Chopper (level 5, -1/72 HPs)
             Began as a Minotaur Berserker on June 10, 2017.
             Was a Believer of Trog.
             Slain by a wyvern skeleton (15 damage)
             ... on level 6 of the Dungeon.
             The game lasted 00:00:47 (1034 turns).

SubscribeToDemise the Chopper (Minotaur Berserker)  Turns: 1034, Time: 00:00:48

Health: -1/72      AC:  2    Str: 27    XL:     5   Next: 71%
Magic:  4/4        EV: 12    Int:  4    God:    Trog [**....]
Gold:   33         SH:  0    Dex: 10    Spells: 4/4 levels left

rFire    . . .     SeeInvis .   a - +0 hand axe
rCold    . . .     Gourm    .   (no shield)
rNeg     . . .     Faith    .   b - +0 animal skin
rPois    .         Spirit   .   (helmet restricted)
rElec    .         Reflect  .   (no cloak)
rCorr    .         Harm     .   (no gloves)
MR       .....                  (no boots)
Stlth    ..........             (no amulet)
Regen    0.3/turn               (no ring)
MPRegen  0.1/turn               (no ring)

@: berserking, very quick
A: retaliatory headbutt, horns 2
a: Berserk, Trog's Hand, Burn Spellbooks, Renounce Religion


You were on level 6 of the Dungeon.
You worshipped Trog.
Trog was pleased with you.
You were very hungry.

You visited 1 branch of the dungeon, and saw 6 of its levels.

You collected 33 gold pieces.

Inventory:

Hand Weapons
 a - a +0 hand axe (weapon)
Armour
 b - a +0 animal skin (worn)
Scrolls
 d - 2 scrolls of noise {unknown}
 e - a scroll of blinking {unknown}
 f - 2 scrolls of amnesia {unknown}
 g - a scroll of magic mapping {unknown}
 j - a scroll of fog {unknown}
 k - a scroll of recharging {unknown}
 l - a scroll of remove curse {unknown}
Potions
 h - 2 potions of degeneration {unknown}
Comestibles
 c - 2 bread rations


   Skills:
 + Level 5.2 Fighting
 * Level 6.8 Axes
 - Level 2.4 Armour
 - Level 2.1 Dodging


You had 4 spell levels left.
You didn't know any spells.

Dungeon Overview and Level Annotations

Branches:
Dungeon (6/15)
 Temple: D:4-7

Altars:
Cheibriados


Innate Abilities, Weirdness & Mutations

You reflexively headbutt those who attack you in melee.
You have a pair of horns on your head.


Message History

Unknown command.
You slash the orc warrior! Your headbutt misses the orc warrior.
The orc warrior is almost dead.
You hit the wyvern skeleton. The wyvern skeleton bites you.
The dart slug launches a dart at you. The slug dart hits you!
You are too injured to fight recklessly!
Unknown command.
You hit the orc warrior but do no damage.
The orc warrior is almost dead.
You hit the wyvern skeleton.
The orc warrior hits you with a short sword!!
* * * LOW HITPOINT WARNING * * *
The wyvern skeleton misses you.
You are too injured to fight recklessly!
Unknown command.
Unknown command.
A dart slug comes into view.
The wyvern skeleton bites you!
You die...

≈≈≈≈.≈≈≈≈≈w≈
;≈≈.≈≈≈#≈≈≈
≈≈..≈.≈≈≈≈.
≈...≈≈≈≈≈#
#≈≈≈≈≈≈≈..
##≈≈≈≈≈.# #≈≈.≈w#
#. #Z@.# ##..
##.o.# ....#
###..#......
....##...########
.....#.###
#....#####
##.......#
#<......#
#.÷.....#


You could see an orc warrior, an electric eel, 2 dart slugs and a wyvern
skeleton.

Vanquished Creatures
  A centaur (D:6)
  An orc wizard (D:3)
  A worker ant (D:4)
  A hound zombie (D:6)
  A howler monkey skeleton (D:5)
  3 adders (D:6)
  A gnoll (D:1)
  An ooze (D:2)
  2 worms (D:2)
  2 dart slugs (D:6)
  7 orcs
  2 goblins (D:3)
  A quokka (D:2)
  2 bats
  3 kobolds
  A rat (D:3)
30 creatures vanquished.

Notes
Turn   | Place    | Note
-------+----------+-------------------------------------------
     0 | D:1      | SubscribeToDemise the Minotaur Berserker began the quest for the Orb.
     0 | D:1      | Reached XP level 1. HP: 19/19 MP: 0/0
    57 | D:1      | Reached skill level 4 in Axes
    57 | D:1      | Reached XP level 2. HP: 20/27 MP: 1/1
   134 | D:2      | Found a snail-covered altar of Cheibriados.
   397 | D:3      | Reached XP level 3. HP: 32/33 MP: 2/2
   418 | D:3      | Reached skill level 5 in Axes
   635 | D:4      | Reached XP level 4. HP: 41/41 MP: 3/3
   692 | D:5      | Entered Level 5 of the Dungeon
   785 | D:5      | Reached ** piety under Trog
   975 | D:6      | Noticed a centaur
   983 | D:6      | Killed a centaur
   983 | D:6      | Reached skill level 5 in Fighting
   983 | D:6      | Reached skill level 6 in Axes
   983 | D:6      | Reached XP level 5. HP: 37/48 MP: 4/4
  1020 | D:6      | Noticed an orc warrior
  1034 | D:6      | Slain by a wyvern skeleton

Skill      XL: |  1  2  3  4 |
---------------+-------------+-----
Axes           | 4 5 6 |  6.8
Fighting       | 4 5 |  5.2
Armour         | |  2.4
Dodging        | |  2.1

Action                   |  1- 3 |  4- 6 || total
-------------------------+-------+-------++-------
Melee: Hand axe          |    39 |    25 ||    64
       Headbutt          |    12 |     4 ||    16
Invok: Berserk           |     4 |     3 ||     7
       Trog's Hand       |       |     1 ||     1
  Eat: Chunk             |     2 |     4 ||     6
Armor: Animal skin       |     7 |     2 ||     9
Dodge: Dodged            |    23 |    22 ||    45
